 Dungeon Crawl Stone Soup version 0.30-a0-702-gdf48620a09 (webtiles) character file.

Game seed: 14697413161853853818

76 ooooo the Conjurer (level 4, 39/39 HPs)
             Began as a Demonspawn Conjurer on Jan 21, 2023.
             Quit the game on level 2 of the Dungeon.
             The game lasted 00:04:38 (1587 turns).

ooooo the Conjurer (Demonspawn Conjurer)            Turns: 1587, Time: 00:04:38

Health: 39/39      AC:  2    Str:  7    XL:     4   Next: 12%
Magic:  3/7        EV: 12    Int: 22    God:
Gold:   81         SH:  0    Dex: 11    Spells: 4/7 levels left

rFire   . . .      SeeInvis .    i - +4 short sword (venom)
rCold   . . .      Faith    .    (no shield)
rNeg    . . .      Spirit   .    a - +0 robe
rPois   .          Reflect  .    (no helmet)
rElec   .          Harm     .    (no cloak)
rCorr   .          Rampage  .    (no gloves)
Will    .....                    (no boots)
Stlth   ++                       c - amulet of regeneration
HPRegen 1.06/turn                (no ring)
MPRegen 0.10/turn                (no ring)

@: no status effects
A: foul stench 1, powered by death 1
a: no special abilities


You were on level 2 of the Dungeon.
You visited 1 branch of the dungeon, and saw 2 of its levels.

You collected 81 gold pieces.

Inventory:

Hand Weapons
 i - a +4 short sword of venom (weapon)
Armour
 a - a +0 robe (worn)
Jewellery
 c - an amulet of regeneration (around neck)
Scrolls
 f - 2 scrolls of teleportation {unknown}
 h - a scroll of immolation {unknown}
Potions
 b - a potion of magic
 d - a potion of ambrosia {unknown}
 e - 2 potions of haste {unknown}
 g - 2 potions of lignification {unknown}


   Skills:
 + Level 5.1 Fighting
 - Level 1.7 Dodging
 - Level 1.7 Stealth
 - Level 2.0 Spellcasting
 + Level 7.1 Conjurations
 + Level 5.1 Hexes


You had 4 spell levels left.
You knew the following spells:

 Your Spells              Type           Power      Damage    Failure   Level
a - Searing Ray           Conj           66%        2d6       1%          2
b - Magic Dart            Conj           100%       1d8       1%          1

Your spell library contained the following spells:

 Spells                   Type           Power      Damage    Failure   Level
 Dazzling Flash           Conj/Hex       58%        N/A       3%          3
 Tukima's Dance           Hex            24%        N/A       4%          3
 Fulminant Prism          Conj/Hex       14%        3d8       11%         4
 Apportation              Tloc           4%         N/A       14%         1
 Necrotise                Necr           8%         1d4       14%         1
 Summon Small Mammal      Summ           8%         N/A       14%         1
 Iskenderun's Mystic Bla  Conj/Tloc      17%        2d5       32%         4
 Frozen Ramparts          Ice            4%         1d1       38%         3
 Ice Form                 Ice/Tmut       2%         N/A       80%         4
 Passage of Golubria      Tloc           2%         N/A       80%         4
 Summon Ice Beast         Ice/Summ       2%         N/A       80%         4
 Yara's Violent Unravell  Hex/Tmut       6%         3d5       80%         5


Dungeon Overview and Level Annotations

Branches:
Dungeon (2/15) Zot: 10413

Altars:


Innate Abilities, Weirdness & Mutations

You may rarely emit foul miasma when damaged in melee.
You regenerate a little health from kills.


Message History

You kill the hobgoblin!
Found a stone staircase leading up.
A giant cockroach comes into view.
The giant cockroach moves out of view.
Casting: Searing Ray (safe; 1% risk of failure)
Confirm with . or Enter, or press ? or * to list all spells.
Aiming: Searing Ray (safe; 1% risk of failure)
Press: ? - help, Shift-Dir - straight line, f - giant cockroach
Aim: a giant cockroach (81% to hit)
The searing ray hits the giant cockroach!
You kill the giant cockroach! (Press . to maintain the ray.) Unknown command.
Found a stone staircase leading down.
There is a stone staircase leading down here.
A frilled lizard comes into view.
A frilled lizard is nearby!
The frilled lizard hisses angrily.
You puncture the frilled lizard!
You kill the frilled lizard!
No target in view!
Found a stone staircase leading down.
An adder comes into view.
A ball python comes into view.
The adder hisses angrily.
Casting: Searing Ray (safe; 1% risk of failure)
Confirm with . or Enter, or press ? or * to list all spells.
Aiming: Searing Ray (safe; 1% risk of failure)
Press: ? - help, Shift-Dir - straight line, f - adder
Aim: an adder (68% to hit)
The searing ray hits the adder.
The adder is severely wounded. (Press . to maintain the ray.) Unknown command.
The searing ray hits the adder.
You kill the adder!
You have reached level 4!
You feel clever.
Your demonic ancestry asserts itself...
You begin to emit a foul stench of rot and decay.
Are you sure you want to abandon this character and quit the game? (Confirm with "yes".)

#..............#
................
................
................
..>.............
#####
....S...........
#....
................
#....
#......@.......#
#....
##.....#......##
#....
#######.##.###
#<... #.##.#
#.... #########
#.##.########....
#.......#
#.##.#......###..
#.......#
#.##.#...........
#...<...#
#.##........#....
#.......#
#...........#....


You could see a ball python.

Vanquished Creatures
  2 adders (D:2)
  4 bats
  2 endoplasms
  2 giant cockroaches (D:2)
  A goblin (D:1)
  4 hobgoblins
  2 quokkas
  5 ball pythons
  A frilled lizard (D:2)
  4 kobolds
  3 rats
30 creatures vanquished.

Notes
Turn   | Place    | Note
-------+----------+-------------------------------------------
     0 | D:1      | ooooo the Demonspawn Conjurer began the quest for the Orb.
     0 | D:1      | Reached XP level 1. HP: 13/13 MP: 3/3
   368 | D:1      | Gained mutation: You regenerate a little health from kills.
                  | [demonic ancestry]
   368 | D:1      | Reached XP level 2. HP: 19/19 MP: 1/5
   371 | D:1      | Learned a level 2 spell: Searing Ray
   931 | D:1      | Reached skill level 5 in Fighting
   931 | D:1      | Reached skill level 7 in Conjurations
   931 | D:1      | Reached skill level 5 in Hexes
   931 | D:1      | Reached XP level 3. HP: 33/33 MP: 6/6
  1587 | D:2      | Gained mutation: You may rarely emit foul miasma when
                  | damaged in melee. [demonic ancestry]
  1587 | D:2      | Reached XP level 4. HP: 39/39 MP: 3/7
  1587 | D:2      | Quit the game

Illustrated notes

Levels and vault maps discovered:
D:1:      nzn_arrival_crosshair, layout_basic
D:2:      layout_rooms, reono_crystal_passage

Skill      XL: |  1  2 |
---------------+-------+-----
Fighting       | 5 |  5.1
Conjurations   | 7 |  7.1
Hexes          | 5 |  5.1
Dodging        | |  1.7
Stealth        | |  1.7
Spellcasting   | |  2.0

Action                   |  1- 3 |  4- 6 || total
-------------------------+-------+-------++-------
Melee: Short sword       |     5 |       ||     5
       Club              |     1 |       ||     1
 Cast: Magic Dart        |    14 |       ||    14
       Searing Ray       |    20 |       ||    20
  Use: Scroll            |     1 |       ||     1
       Potion            |     1 |       ||     1
 Stab: Sleeping          |     2 |       ||     2
Dodge: Dodged            |     2 |       ||     2

Table legend: (Time is in decaauts)
 A = Elapsed time spent in this place.
 B = Non-inter-level travel time spent in this place.
 C = Inter-level travel time spent in this place.
 D = Time resting spent in this place.
 E = Time spent auto-exploring this place.
 F = Levels seen in this place.
 G = Mean time per level.
                   A        B        C        D        E       F      G
               +--------+--------+--------+--------+--------+-----+--------+
         Total |   1586 |   1565 |     21 |     31 |   1354 |   2 |  793.0 |
       Dungeon |   1586 |   1565 |     21 |     31 |   1354 |   2 |  793.0 |
               +--------+--------+--------+--------+--------+-----+--------+

Top non-repeatable levels by time:
     D:1: 932 daAuts
     D:2: 653 daAuts
